cohdb
Replays
Latest Replays
All Replays
Popular Replays
Top Player Replays
Match Explorer
How It Works
Community
CoH3 Stats
Reddit
Sign in to upload your games and track your stats! →
Sign in with Steam
Match 42517700
Unlisted
Match 42517700
Overview
Messages
Build Orders
End
Construct Weapon Support Center
Engineer Squad
M1919 Machine Gun Team
Construct Barracks
Riflemen Squad
Riflemen Squad
Grenade Package
Construct Medical Station
Infantry Support Center
M3 Armored Personnel Carrier
Selects Heavy Weapons
Selects Assault Carriers
Selects Exchangeable Parts
Riflemen Squad
Advanced Logistics
Scout Squad
Engineer Squad
Construct Tank Depot
M4A1 Sherman Medium Tank
M1918 Browning Automatic Rifles
Strider_perc
KevinTDW
Wannabegirl
Siege
0
0
Comments
sign in to comment!
No comments posted yet!